 Dungeon Crawl Stone Soup version 0.26.1-10-gdfb7c7de75 (webtiles) character file.

Game seed: 15477748395268961652

121 infcreate the Sneak (level 4, -1/25 HPs)
             Began as a Vampire Enchanter on Apr 11, 2021.
             Slain by a crimson imp (3 damage)
             ... summoned by Natasha
             ... on level 2 of the Dungeon.
             The game lasted 00:09:59 (2258 turns).

infcreate the Sneak (Vampire Enchanter)             Turns: 2258, Time: 00:09:59

Health: -1/25      AC:  4    Str:  7    XL:     4   Next: 76%
Magic:  2/7        EV: 13    Int: 17    God:
Gold:   26         SH:  0    Dex: 15    Spells: 2/8 levels left

rFire    . . .     SeeInvis +   d - +2 dagger (freeze)
rCold    + + .     Faith    .   (no shield)
rNeg     + + +     Spirit   .   b - +0 robe
rPois    ∞         Reflect  .   (no helmet)
rElec    .         Harm     .   (no cloak)
rCorr    .         Rampage  .   f - +1 pair of gloves
Will     .....                  (no boots)
Stlth    +++++.....             (no amulet)
HPRegen  0.00/turn              (no ring)
MPRegen  0.10/turn              (no ring)

@: bloodless, slowed, very slow
A: fangs 3, see invisible, unbreathing
a: Bat Form, Revivify


You were on level 2 of the Dungeon.
You visited 1 branch of the dungeon, and saw 2 of its levels.

You collected 26 gold pieces.


Innate Abilities, Weirdness & Mutations

You do not regenerate when monsters are visible.
You are frail without blood (-20% HP).
You can heal yourself when you bite living creatures.
You are immune to poison.
You have razor-sharp teeth.
You have supernaturally acute eyesight. (SInv)
You can survive without breathing.


   Skills:
 + Level 1.0 Fighting
 * Level 2.2 Short Blades
 * Level 3.2 Dodging
 * Level 5.3 Stealth
 * Level 2.5 Spellcasting
 * Level 5.2 Hexes


You had 2 spell levels left.
You knew the following spells:

 Your Spells              Type           Power        Failure   Level
c - Corona                Hex            22%          2%          1
e - Ensorcelled Hibernat  Hex/Ice        22%          10%         2
t - Confusing Touch       Hex            20%          6%          3

Your spell library contained the following spells:

 Spells                   Type           Power        Failure   Level
 Tukima's Dance           Hex            20%          6%          3
 Dazzling Flash           Conj/Hex       22%          19%         3

Inventory:

Hand Weapons
 d - a +2 dagger of freezing (weapon)
Armour
 b - a +0 robe (worn)
 f - a +1 pair of gloves (worn)
Scrolls
 e - 2 scrolls of teleportation {@r4}
 g - a scroll of remove curse {@r2}
 h - a scroll of amnesia {unknown}
 j - a scroll of random uselessness {unknown}
 k - a scroll of blinking {unknown}
Potions
 a - a potion of curing {unknown}
 c - a potion of haste {unknown}
 i - a potion of heal wounds {@q2}

Dungeon Overview and Level Annotations

Branches:
Dungeon (2/15)

Altars:
Qazlal

Annotations:
D:2 Natasha

######## # #......# ######## .
#......# #....... ########
#......# #.######
#.......#.#######......###.####
................+.............#
#.......#.#######......###.##.###
.S......'....h..@................
#......h#.#######5.....###+##..##
#########.# ####......##...##.##
#########.# #.......####...##...
#.........####.......####...##.##
#............'...................
#.........####.......#####'###.##
#.........####.............#.....
............#........######.#..#


You could see Natasha (confused) and a crimson imp (summoned).


Message History

Casting: Confusing Touch (quite dangerous; 6% risk of failure)
Confirm with . or Enter, or press ? or * to list all spells.
The spell is quite dangerous to cast (6% risk of failure)!
Continue anyway?
Your hands begin to glow red.
Natasha stares at you and mumbles some strange words.
You feel as though you will be slow longer.
You hit Natasha but do no damage.
Natasha is heavily wounded.
Natasha casts a spell at you. The magic dart hits you!
* * * LOW HITPOINT WARNING * * *
The crimson imp shouts, "Away with thee, thou dissembling beetle-headed gudgeon!"
You hit Natasha but do no damage.
Natasha is heavily wounded.
Natasha misses you.
The crimson imp hits you but does no damage.
Natasha closely misses you. The crimson imp barely misses you.
You hit Natasha but do no damage.
Natasha appears confused.
Natasha is heavily wounded.
Natasha claws you!
* * * LOW HITPOINT WARNING * * *
The crimson imp barely misses you.
You hit Natasha. You freeze Natasha.
Natasha is severely wounded.
Natasha closely misses you. The crimson imp hits you.
* * * LOW HITPOINT WARNING * * *
You hit Natasha but do no damage.
Natasha is severely wounded.
The crimson imp barely misses you. The crimson imp hits you.
You die...

Skill      XL: |  1  2  3  4 |
---------------+-------------+-----
Dodging        | 3 |  3.2
Stealth        | 5 |  5.3
Hexes          | 5 |  5.2
Short Blades   | 2 |  2.2
Fighting       | 1 |  1.0
Spellcasting   | |  2.5

Action                   |  1- 3 |  4- 6 || total
-------------------------+-------+-------++-------
Melee: Dagger            |    63 |    35 ||    98
       Bite              |     3 |     2 ||     5
 Cast: Corona            |    18 |     1 ||    19
       Ensorcelled Hiber |    12 |     6 ||    18
       Confusing Touch   |       |     5 ||     5
 Abil: Exsanguinate      |     1 |       ||     1
  Use: Scroll            |     4 |       ||     4
 Stab: Sleeping          |    18 |     3 ||    21
       Confused          |       |     3 ||     3
Armor: Robe              |     9 |     2 ||    11
Dodge: Dodged            |    33 |    16 ||    49

Levels and vault maps discovered:
D:1:      nicolae_arrival_memento_mori, layout_loops_ring
D:2:      layout_basic, grunt_qazlal_sundering, uniq_jessica, uniq_natasha

Notes
Turn   | Place    | Note
-------+----------+-------------------------------------------
     0 | D:1      | infcreate the Vampire Enchanter began the quest for the
                  | Orb.
     0 | D:1      | Reached XP level 1. HP: 13/13 MP: 3/3
   441 | D:1      | Reached XP level 2. HP: 20/20 MP: 5/5
   547 | D:1      | Learned a level 2 spell: Ensorcelled Hibernation
   862 | D:1      | Reached XP level 3. HP: 25/25 MP: 1/6
  1026 | D:2      | Learned a level 3 spell: Confusing Touch
  1066 | D:2      | Noticed an ogre
  1182 | D:2      | Found a stormy altar of Qazlal.
  1284 | D:2      | Noticed Jessica
  1286 | D:2      | Killed Jessica
  1287 | D:2      | Reached skill level 3 in Dodging
  1287 | D:2      | Reached skill level 5 in Stealth
  1287 | D:2      | Reached skill level 5 in Hexes
  1287 | D:2      | Reached XP level 4. HP: 24/24 MP: 7/7
  1362 | D:2      | Noticed Natasha
  1380 | D:2      | Reached skill level 2 in Short Blades
  1809 | D:2      | Killed Natasha
  2006 | D:2      | Reached skill level 1 in Fighting
  2227 | D:2      | Noticed Natasha
  2257 | D:2      | HP: 2/25 [crimson imp[Natasha] (1)]
  2258 | D:2      | Slain by a crimson imp

Vanquished Creatures
  Jessica (D:2)
  Natasha (D:2)
  3 adders (D:2)
  An ooze (D:1)
  2 worms (D:2)
  4 leopard geckos
  2 bats
  A giant cockroach (D:1)
  4 goblins
  A hobgoblin (D:1)
  4 frilled lizards
  5 kobolds (D:1)
  7 rats
36 creatures vanquished.

Table legend: (Time is in decaauts)
 A = Elapsed time spent in this place.
 B = Non-inter-level travel time spent in this place.
 C = Inter-level travel time spent in this place.
 D = Time resting spent in this place.
 E = Time spent auto-exploring this place.
 F = Levels seen in this place.
 G = Mean time per level.
                   A        B        C        D        E       F      G
               +--------+--------+--------+--------+--------+-----+--------+
         Total |   2254 |   1961 |    293 |    653 |     22 |   2 | 1127.0 |
       Dungeon |   2254 |   1961 |    293 |    653 |     22 |   2 | 1127.0 |
               +--------+--------+--------+--------+--------+-----+--------+

Top non-repeatable levels by time:
     D:2: 1264 daAuts
     D:1: 990 daAuts

Table legend:
 A = Non-vault XP
 B = Vault XP
 C = Vault XP percentage of total XP
 D = Non-vault monster count
 E = Vault monster count
 F = Vault count percentage of total count
                 A         B        C        D         E       F
            +---------+---------+-------+---------+---------+-------
      Total |     101 |      72 |  41.6 |      34 |       2 |   5.6
            +---------+---------+-------+---------+---------+-------
        D:1 |      43 |       0 |   0.0 |      22 |       0 |   0.0
        D:2 |      58 |      72 |  55.4 |      12 |       2 |  14.3
            +---------+---------+-------+---------+---------+-------
